 Dungeon Crawl Stone Soup version 0.30-a0-636-g200c5c4a83 (webtiles) character file.

Game seed: 11926236544897173761

663397 Citaku the Axe Maniac (level 27, 0/261 (300) HPs)
             Began as a Minotaur Fighter on Jan 15, 2023.
             Was an Initiate of Gozag.
             Slain by a shard shrike (7 damage)
             ... on level 4 of Cocytus.
             The game lasted 05:12:46 (94307 turns).

Citaku the Axe Maniac (Minotaur Fighter)           Turns: 94307, Time: 05:12:47

HP:   0/261 (300)   AC: 40    Str: 41      XL:     27
MP:   28/28         EV: 14    Int:  4      God:    Gozag
Gold: 2145          SH: 32    Dex: 10 (15) Spells: 26/26 levels left

rFire   + + .      SeeInvis +    I - +9 broad axe (heavy)
rCold   + + +      Faith    .    e - +8 tower shield
rNeg    + + .      Spirit   .    X - +7 gold dragon scales
rPois   +          Reflect  .    (helmet restricted)
rElec   .          Harm     .    Q - scarf {rC+ rF+}
rCorr   +          Rampage  +    Y - +2 pair of gloves of Intuition {rC+++ rN+ MP+9 Str-2}
Will    +++++      Rage     50%  S - +0 pair of boots {rampage} Stlth
                                 r - necklace of Bloodlust {Fury *Rage Will++ Int-3 Slay+6}
HPRegen 0.63/turn                s - ring of Qubrergh {Fly Will+ Str+5 Dex+3}
MPRegen 0.21/turn                h - ring "Maluontuz" {rN+ rCorr Str+7 Int+2 SInv}

@: brilliant, gold aura, flying, hasted, studying 5 skills, heavily drained,
unable to drink, very quick
A: horns 2, retaliatory headbutt, cold resistance 1, dopey 1, low MP 1, robust
1, devolution 1, [inability to drink after injury 1]
}: 4/15 runes: decaying, slimy, silver, gossamer
a: Renounce Religion, Potion Petition, Call Merchant, Bribe Branch


You were on level 4 of Cocytus.
You worshipped Gozag.
Gozag was most pleased with you.
You visited 13 branches of the dungeon, and saw 57 of its levels.
You visited the Abyss 2 times.
You visited 1 bazaar.
You also visited: Trove, Ossuary and Volcano.

You collected 38277 gold pieces.
You spent 13323 gold pieces at shops.
You paid 22809 gold pieces to Gozag.

Inventory:

Hand Weapons
 E - the +2 war axe of the Harvest {heavy, +Blink rPois Will+}
   (You bought it in a shop on level 10 of the Dungeon)

   rPois:     It protects you from poison.
   +Blink:    It lets you blink.
   Will:      It increases your willpower.
 I - a +9 heavy broad axe (weapon)
Missiles
 g - 18 silver javelins
 i - 6 boomerangs of dispersal
 o - 34 boomerangs (quivered)
Armour
 e - a +8 tower shield (worn)
 Q - a scarf of resistance (worn)
 S - a +0 pair of boots of rampaging (worn)
 X - +7 gold dragon scales (worn)
 Y - the +2 pair of gloves of Intuition (worn) {rC+++ rN+ MP+9 Str-2}
   (You bought it in a shop on level 4 of the Vaults)

   Str:       It affects your strength (-2).
   rC:        It renders you almost immune to cold.
   rN:        It protects you from negative energy.
   MP:        It affects your magic capacity (+9).
Jewellery
 h - the ring "Maluontuz" (right hand) {rN+ rCorr Str+7 Int+2 SInv}
   (You found it on level 5 of the Pits of Slime)

   [ring of see invisible]

   Str:       It affects your strength (+7).
   Int:       It affects your intelligence (+2).
   rN:        It protects you from negative energy.
   SInv:      It lets you see invisible.
   rCorr:     It protects you from acid and corrosion.
 r - the necklace of Bloodlust (around neck) {Fury *Rage Will++ Int-3 Slay+6}
   (You found it on level 1 of the Orcish Mines)

   [amulet of nothing]

   Fury:      It extends the wearer's berserk rage when killing foes.
   Int:       It affects your intelligence (-3).
   Slay:      It affects your accuracy & damage with ranged weapons and melee
   (+6).
   *Rage:     It berserks you when you make melee attacks (+50% chance).
   Will:      It greatly increases your willpower.
 s - the ring of Qubrergh (left hand) {Fly Will+ Str+5 Dex+3}
   (You found it on level 5 of the Dungeon)

   [ring of willpower]

   Str:       It affects your strength (+5).
   Dex:       It affects your dexterity (+3).
   Fly:       It grants you flight.
   Will:      It increases your willpower.
Wands
 v - a wand of flame (52)
 J - a wand of digging (15)
 L - a wand of light (20)
 Z - a wand of paralysis (8)
Scrolls
 m - 15 scrolls of teleportation
 y - 3 scrolls of enchant weapon
 z - 2 scrolls of blinking
 F - 2 scrolls of fear
 O - 4 scrolls of poison
 R - 3 scrolls of fog
Potions
 a - 8 potions of resistance
 b - 10 potions of heal wounds
 c - 26 potions of curing
 d - 3 potions of magic
 f - 7 potions of ambrosia
 j - 8 potions of brilliance
 l - 5 potions of mutation
 n - 3 potions of attraction
 q - 5 potions of invisibility
 t - 8 potions of lignification
 x - 2 potions of berserk rage
 A - 3 potions of flight
 N - a potion of haste
 P - 4 potions of cancellation
 U - 3 potions of might
Miscellaneous
 k - the horn of Geryon
 u - a tin of tremorstones (2/2)
 D - a box of beasts
 M - a phantom mirror
 T - a lightning rod (4/4)
 V - a piece from Xom's chessboard (15/15)
 W - a phial of floods


   Skills:
 O Level 27 Fighting
 O Level 27 Axes
 * Level 20.4 Throwing
 O Level 27 Armour
 + Level 17.2 Dodging
 O Level 27 Shields


You had 26 spell levels left.
You didn't know any spells.
Your spell library contained the following spells:

 Spells                   Type           Power      Damage    Failure   Level
 Beastly Appendage        Tmut           0%         N/A       89%         1
 Foxfire                  Conj/Fire      0%         2x1d4     89%         1
 Freeze                   Ice            0%         1d3       89%         1
 Kiss of Death            Conj/Necr      0%         2d5       89%         1
 Magic Dart               Conj           0%         1d3       89%         1
 Summon Small Mammal      Summ           0%         N/A       89%         1
 Cigotuvi's Dreadful Rot  Necr/Pois/Air  0%         N/A       96%         2
 Ensorcelled Hibernation  Hex/Ice        0%         N/A       96%         2
 Passwall                 Tmut/Erth      0%         N/A       96%         2
 Poisonous Vapours        Pois/Air       0%         N/A       96%         2
 Searing Ray              Conj           0%         2d4       96%         2
 Static Discharge         Conj/Air       0%         2-2/arc   96%         2
 Wereblood                Tmut           0%         N/A       96%         2
 Call Canine Familiar     Summ           0%         N/A       99%         3
 Frozen Ramparts          Ice            0%         1d1       99%         3
 Hailstorm                Conj/Ice       0%         3d3       99%         3
 Ignite Poison            Fire/Tmut/Pois 0%         N/A       99%         3
 Inner Flame              Hex/Fire       0%         N/A       99%         3
 Kindle Blastsparks       Fire/Tloc/Air  0%         2d10      99%         3
 Mephitic Cloud           Conj/Pois/Air  0%         N/A       99%         3
 Ozocubu's Armour         Ice            0%         N/A       99%         3
 Portal Projectile        Hex/Tloc       0%         N/A       99%         3
 Spider Form              Tmut/Pois      0%         N/A       99%         3
 Summon Guardian Golem    Hex/Summ       0%         N/A       99%         3
 Swiftness                Air            0%         N/A       99%         3
 Tukima's Dance           Hex            0%         N/A       99%         3
 Vhi's Electric Charge    Tloc/Air       0%         N/A       99%         3
 Anguish                  Hex/Necr       0%         N/A       100%        4
 Dispel Undead            Necr           0%         3d6       100%        4
 Fulminant Prism          Conj/Hex       0%         3d5       100%        4
 Ice Form                 Ice/Tmut       0%         N/A       100%        4
 Iskenderun's Mystic Bla  Conj/Tloc      0%         2d3       100%        4
 Passage of Golubria      Tloc           0%         N/A       100%        4
 Sticky Flame             Conj/Fire      0%         2d3       100%        4
 Summon Ice Beast         Ice/Summ       0%         N/A       100%        4
 Summon Lightning Spire   Summ/Air       0%         N/A       100%        4
 Arcjolt                  Conj/Air       0%         1d10      100%        5
 Blade Hands              Tmut           0%         N/A       100%        5
 Fireball                 Conj/Fire      0%         3d3       100%        5
 Irradiate                Conj/Tmut      0%         3d11      100%        5
 Lee's Rapid Deconstruct  Erth           0%         3d4*      100%        5
 Lightning Bolt           Conj/Air       0%         1d11      100%        5
 Metabolic Englaciation   Hex/Ice        0%         N/A       100%        5
 Summon Mana Viper        Hex/Summ       0%         N/A       100%        5
 Yara's Violent Unravell  Hex/Tmut       0%         3d3       100%        5
 Death Channel            Necr           0%         N/A       100%        6
 Dragon Form              Tmut           0%         N/A       100%        7
 Haunt                    Necr/Summ      0%         N/A       100%        7
 Monstrous Menagerie      Summ           0%         N/A       100%        7
 Storm Form               Tmut/Air       0%         N/A       100%        7
 Borgnjor's Revivificati  Necr           0%         N/A       100%        8
 Ignition                 Fire           0%         3d3       100%        8
 Infestation              Necr           0%         N/A       100%        8
 Maxwell's Capacitive Co  Air            0%         ∞         100%        8
 Necromutation            Tmut/Necr      0%         N/A       100%        8
 Chain Lightning          Conj/Air       0%         N/A       100%        9
 Death's Door             Necr           0%         N/A       100%        9
 Fire Storm               Conj/Fire      0%         5d1       100%        9
 Shatter                  Erth           0%         3d5*      100%        9
 Animate Dead             Necr           Unusable   N/A       N/A         4
 Simulacrum               Ice/Necr       Unusable   N/A       N/A         6

Dungeon Overview and Level Annotations

Branches:
Dungeon (15/15)            Temple (0/1) D:4            Lair (5/5) D:11
  Swamp (4/4) Lair:2       Spider (4/4) Lair:2        Slime (5/5) Lair:5
    Orc (2/2) D:11            Elf (3/3) Orc:2        Vaults (5/5) D:13
  Crypt (3/3) Vaults:3       Tomb (0/3) Crypt:3      Depths (4/4) D:15
   Hell (visited)             Dis (0/7) Hell            Geh (0/7) Hell
    Coc (4/7) Hell            Tar (2/7) Hell            Zot (0/5) Depths:4
Ossuary (visited)         Volcano (visited)

Altars:
Cheibriados
Dithmenos
Elyvilon
Fedhas
Gozag
Kikubaaqudgha
Okawaru
Ru
Sif Muna
Trog
Uskayaw
Vehumet
Wu Jian
Xom
Zin
Jiyva

Shops:
D:2 =   D:7 (*   D:9 !   D:10 =*(*   D:13 :![   D:15 (   Orc:1 *   Orc:2 =:!=[
Lair:5 ?[*   Slime:3 *   Vaults:2 *:   Vaults:3 (   Vaults:4 *   Crypt:3 [
Depths:1 *   Depths:2 [   Depths:4 =

Portals:
Hell: Depths:1 Depths:2 Depths:3 Depths:4
Abyss: Depths:1 Depths:3
Pandemonium: Depths:2 Depths:3 Depths:4
Ziggurat: Depths:1

Annotations:
Vaults:4 2 transporters, exclusion: orange crystal statue


Innate Abilities, Weirdness & Mutations

You have a pair of horns on your head.
You reflexively headbutt those who attack you in melee.
Your flesh is cold resistant. (rC+)
You are dopey. (Int -2)
Your magical capacity is low. (-10% MP)
You are robust. (+10% HP)
You have hidden genetic defects.
[You occasionally lose the ability to drink potions when taking damage.]


Message History

* * * LOW HITPOINT WARNING * * *
The wave splashes down.
The Ice Fiend calls on the powers of darkness!
The shard shrike convulses!
Your body is wracked with pain!
* * * LOW HITPOINT WARNING * * *
You hear a screech! x2
Blink to where?
Press: ? - help, Dir - move target A hellion and a shard shrike come into view.
As you read the scroll of blinking, it crumbles to dust.
The hellion gives a hideous shriek!
The shard shrike screeches!
The shard shrike is distracted by your dazzling golden aura.
A shard shrike comes into view.
Blink to where?
Press: ? - help, Dir - move target
As you read the scroll of blinking, it crumbles to dust.
You fly downwards.
You sense a hostile presence.
You feel clumsy.
You block the shard shrike simulacrum's attack.
You block the shard shrike's attack.
The shard shrike simulacrum barely misses you.
The spriggan defender simulacrum hits you but does no damage.
You block the shard shrike's attack.
The shard shrike is distracted by your dazzling golden aura.
A caustic shrike simulacrum comes into view.
You block the shard shrike simulacrum's attack.
There is a gateway leading out of Cocytus here.
The shard shrike spits a shard of ice at you.
You block the shard of ice. You block the shard shrike's attack. x2
The shard shrike simulacrum misses you. You furiously retaliate!
You headbutt the shard shrike simulacrum!
You block the spriggan defender simulacrum's attack.
The shard shrike claws you but does no damage.
Water spirits pour forth from the elemental wellspring!
The shard shrike claws you!
* * * LOW HITPOINT WARNING * * *
The shard shrike freezes you! You resist.
You die...
Your body crumbles into a pile of gold.

≈≈...≈≈≈≈≈≈..≈≈
...≈≈≈≈≈≈≈≈≈≈≈≈
..≈≈≈≈≈≈≈≈≈≈≈.≈
≈.C≈≈≈≈≈≈≈≈≈.Z≈
≈...≈≈≈≈≈≈≈≈.≈≈
≈≈...≈≈≈≈≈≈.≈≈#
≈≈....≈≈≈≈.≈≈#
#≈≈1..b@b..≈≈#
#≈≈...ZbZ..≈≈#
≈E≈≈...Z..≈≈≈#
E≈E≈......≈≈≈≈≈
≈≈≈≈≈^...≈≈b≈≈≈
≈≈≈≈≈.≈..≈≈≈≈≈≈
≈≈≈≈.≈≈≈≈≈≈≈≈≈≈
≈≈≈≈≈≈≈≈≈≈≈≈≈≈≈


You could see a titan, 4 shard shrikes, an Ice Fiend, an elemental wellspring, 2
water elementals, a spriggan defender simulacrum, a titan simulacrum, a caustic
shrike simulacrum and a shard shrike simulacrum.

Vanquished Creatures
  the Royal Jelly (Slime:5)
  Dissolution (Slime:1)
  2 ancient liches (Depths:1)
  2 dread liches
  Margery (Vaults:4)
  Boris (Crypt:1)
  Bai Suzhen (Elf:3)
  5 shard shrikes
  Saint Roka (Orc:2)
  Geryon (Hell)
  3 golden dragons (Vaults:5)
  A profane servitor (Tar:1)
  4 bone dragons
  A Tzitzimitl (Tar:2)
  4 doom hounds
  A spectral shard shrike (Tar:2)
  A tainted leviathan (Tar:1)
  6 tentacled monstrosities
  Asterion (Spider:4)
  6 liches
  The ghost of WienerDreamer the Warrior, an adept DsBe of Trog (Elf:3)
  6 titans (Vaults:5)
  8 deep elf blademasters
  A deep elf master archer (Elf:3)
  39 acid blobs
  6 sphinxes
  3 ancient champions
  Gastronok (Lair:2)
  18 tentacled starspawn (Abyss:1)
  4 storm dragons
  5 tengu reavers
  6 shadow dragons
  A draconian knight (Depths:4)
  A storm dragon (shapeshifter) (Vaults:5)
  A fenstrider witch (Swamp:2)
  8 revenants
  2 narguns
  28 azure jellies
  25 rockslimes
  10 frost giants
  10 fire giants
  7 emperor scorpions
  18 vault wardens
  10 deep elf sorcerers
  4 iron dragons
  Louise (D:14)
  2 spectral juggernauts
  A juggernaut zombie (Crypt:3)
  3 balrugs
  A draconian scorcher (Depths:4)
  5 ghost moths
  2 ghost moths (shapeshifter)
  A cacodemon (Hell)
  13 ghouls
  17 ironbound preservers
  2 caustic shrike zombies
  5 orc warlords
  A draconian stormcaller (Depths:4)
  4 deep elf elementalists
  2 broodmothers
  21 quicksilver oozes
  A shard shrike simulacrum (Coc:2)
  4 curse skulls
  4 reapers
  2 angels
  14 stone giants
  A caustic shrike skeleton (Abyss:1)
  34 very ugly things
  4 war gargoyles (Vaults:5)
  8 vampire knights
  3 elemental wellsprings
  Nessos (D:12)
  6 eleionomae
  A green draconian (Abyss:1)
  A wendigo (Hell)
  3 ironbound thunderhulks
  A spectral titan (Tar:1)
  2 bunyips
  4 deep elf demonologists
  Azrael (D:13)
  2 white draconians (Depths:4)
  A black draconian (Depths:4)
  2 purple draconians (Depths:4)
  A yellow draconian (Depths:4)
  2 lorocyprocas
  10 deep elf annihilators
  5 spark wasps
  15 dire elephants
  3 iron golems (Hell)
  10 eidola
  18 ettins
  6 deep elf death magi
  A merfolk javelineer (Depths:3)
  A merfolk impaler (Depths:3)
  Snorg (Lair:4)
  3 deep elf high priests
  13 fire dragons
  A quicksilver dragon zombie (Hell)
  3 shambling mangroves
  4 jiangshi (Crypt:2)
  5 entropy weavers
  13 yaktaur captains
  A jorogumo (shapeshifter) (Abyss:1)
  2 hell beasts
  11 rakshasas
  4 spectral spriggans
  10 great orbs of eyes
  4 spriggan zombies
  25 hydras
  4 spriggan air magi
  A hydra (shapeshifter) (Vaults:5)
  13 ice dragons
  2 caustic shrike simulacra
  3 ghost crabs
  4 ogre magi
  11 centaur warriors
  40 vault guards
  2 radroaches
  3 jorogumos
  A two-headed ogre (shapeshifter) (Vaults:5)
  2 death knights (Vaults:3)
  A fenstrider witch skeleton (Crypt:1)
  A spriggan skeleton (Crypt:1)
  8 ironbound frosthearts
  16 two-headed ogres
  4 boulder beetles
  Erica (Lair:2)
  16 alligators
  A spectral stone giant (Tar:1)
  5 vampire magi
  13 hell hogs
  6 tengu warriors
  8 deep troll shamans
  7 deep troll earth magi
  23 dancing weapons
  3 spectral dire elephants (Tar:1)
  A titan zombie (Crypt:3)
  2 orc high priests
  11 thrashing horrors (Abyss:1)
  A spectral storm dragon (Tar:1)
  16 deep elf knights
  A storm dragon zombie (Crypt:2)
  11 death yaks
  17 sun demons
  2 spriggan berserkers
  15 wretched stars
  9 soul eaters
  4 spectral nagas
  A salamander mystic (Depths:4)
  2 bunyip zombies
  12 iron trolls
  7 sixfirhies
  12 hell knights
  Lodul (D:12)
  3 pharaoh ants
  2 sun moths
  20 skeletal warriors
  A death drake (Swamp:4)
  2 fire crabs (Swamp:4)
  3 spriggan druids
  5 glowing orange brains
  30 shadow wraiths
  54 deep trolls
  18 orc knights
  2 storm dragon skeletons
  6 swamp dragons
  12 orb spiders
  8 bog bodies
  An orange crystal statue (Depths:4)
  9 goliath frogs
  A ghost moth zombie (Crypt:1)
  6 flayed ghosts
  4 wizards
  A spectral hydra (Lair:2)
  18 deep elf archers
  18 lindwurms
  14 ironbound convokers
  28 large abominations
  4 steelbarb worms
  2 sphinx zombies (Hell)
  13 harpies
  26 deep elf zephyrmancers
  9 necromancers
  A jorogumo zombie (Crypt:1)
  24 phantasmal warriors
  A golden dragon skeleton (Crypt:3)
  35 ugly things
  36 deep elf pyromancers
  Pikel (D:6)
  5 salamanders
  A spectral ettin (Crypt:3)
  A shining eye (shapeshifter) (D:15)
  20 wolf spiders
  11 orc sorcerers
  2 mana vipers (Abyss:1)
  12 moths of wrath
  6 manticores
  2 fire giant zombies (Hell)
  A moth of wrath (shapeshifter) (Vaults:5)
  An oklob plant (Lair:3)
  An iron dragon zombie (Vaults:5)
  A sphinx skeleton (Crypt:3)
  8 will-o-the-wisps
  6 shining eyes
  4 worldbinders (Abyss:1)
  A frost giant zombie (Hell)
  4 cyclopes
  30 elephants
  2 spectral alligator snapping turtles (Tar:1)
  2 stone giant zombies (Hell)
  An elephant (shapeshifter) (Vaults:5)
  An eleionoma skeleton (Crypt:1)
  2 rust devils (Hell)
  A spectral centaur (Tar:1)
  A dire elephant zombie (Crypt:3)
  4 molten gargoyles (Hell)
  3 titan simulacra
  A frost giant skeleton (Vaults:1)
  2 apocalypse crabs
  15 vault sentinels
  7 demonic crawlers
  A guardian serpent (Abyss:1)
  4 torpor snails
  5 black mambas
  2 human zombies
  A torpor snail (shapeshifter) (Depths:4)
  An elf zombie (Vaults:2)
  23 smoke demons
  An emperor scorpion simulacrum (Coc:1)
  2 gargoyles
  6 orange demons
  11 unseen horrors
  3 eyes of devastation
  22 cane toads
  4 hellions
  A storm dragon simulacrum (Coc:1)
  Psyche (D:8)
  26 yaktaurs
  A yaktaur zombie (Vaults:5)
  An alligator snapping turtle skeleton (Crypt:1)
  A bunyip simulacrum (Coc:1)
  An anaconda simulacrum (Coc:1)
  6 komodo dragons
  3 sea snake zombies (Hell)
  13 ancient zymes
  6 freezing wraiths
  2 rime drakes (Lair:2)
  4 tengu conjurers
  2 efreet (Abyss:1)
  A purple draconian skeleton (Crypt:2)
  2 red devils
  2 tormentors
  13 ice devils
  3 guardian mummies (Crypt:3)
  3 spectral harpies
  A harpy zombie (Crypt:3)
  A yaktaur skeleton (Vaults:1)
  A hydra zombie (Hell)
  2 silent spectres
  2 bloated husks
  2 polar bears
  8 trolls
  A sphinx simulacrum (Vaults:1)
  A hellwing (Abyss:1)
  6 meliai
  8 tyrant leeches
  40 tarantellas
  A mana viper skeleton (Crypt:3)
  24 raiju
  7 saltlings (Orc:2)
  A spectral dream sheep (Lair:2)
  A hydra skeleton (Hell)
  17 hornets
  A jumping spider zombie (Crypt:2)
  2 alligator zombies (Crypt:3)
  A spectral black mamba (Lair:2)
  34 blink frogs
  17 flying skulls
  A fire giant simulacrum (Vaults:5)
  2 ettin zombies
  114 slime creatures
  2 slime creatures (shapeshifter)
  10 water elementals
  A black mamba zombie (Crypt:1)
  19 culicivoras
  32 jumping spiders
  14 shadows
  2 vampires
  10 spriggans
  Sigmund (D:2)
  3 air elementals
  71 yaks
  7 wraiths
  5 ynoxinuls (Abyss:1)
  9 fire elementals
  10 wyverns
  2 dire elephant simulacra
  4 basilisks
  3 fire bats (Abyss:1)
  10 steam dragons
  8 chaos spawn
  20 golden eyes
  71 starcursed masses (Abyss:1)
  30 small abominations (Abyss:1)
  14 vampire mosquitoes
  9 neqoxecs
  54 redbacks
  4 harpy simulacra
  2 nagas (Abyss:1)
  16 swamp worms
  5 wargs
  A spectral cane toad (Lair:2)
  Menkaure (D:6)
  2 glowing shapeshifter zombies (Hell)
  4 acid dragons
  22 water moccasins
  A hydra simulacrum (Coc:1)
  A naga skeleton (Crypt:1)
  A cane toad zombie (Crypt:3)
  12 hell hounds
  37 orc warriors
  2 spectral blink frogs (Lair:2)
  A glowing shapeshifter skeleton (Vaults:2)
  3 ice beasts
  12 swamp drakes
  A sky beast (D:6)
  A merfolk skeleton (Crypt:2)
  5 black bears
  18 wolves
  A spectral rime drake (Lair:2)
  2 ettin simulacra
  4 boggarts (Vaults:1)
  A swamp dragon skeleton (Crypt:1)
  18 ogres
  7 centaurs
  A phantom (D:6)
  A lemure (D:6)
  4 kobold brigands
  8 necrophages
  20 bullfrogs
  A spectral water moccasin (Lair:2)
  3 gnoll sergeants
  13 scorpions
  5 earth elementals
  A naga simulacrum (Crypt:1)
  35 wights
  A troll zombie (Crypt:2)
  A water moccasin skeleton (Crypt:3)
  4 jellies
  5 killer bees (D:9)
  10 electric eels
  8 howler monkeys
  6 centaur zombies
  A crimson imp (Abyss:1)
  A human simulacrum (Vaults:5)
  3 quasits (Abyss:1)
  10 orc priests
  5 hounds
  2 black bear skeletons
  9 iron imps
  Ijyb (D:5)
  Natasha (thrice) (D:2)
  Terence (D:3)
  3 iguanas
  21 orc wizards
  4 scorpion zombies (Ossuary)
  21 hell rats
  A sky beast zombie (Crypt:3)
  3 naga zombies
  15 mummies
  17 gnolls
  A swamp drake zombie (Crypt:2)
  9 adders
  16 white imps
  11 ufetubi (Abyss:1)
  A worm zombie (Crypt:2)
  A worm (D:3)
  2 dart slugs (D:1)
  81 orcs
  7 ball pythons
  8 endoplasms
  2 giant cockroaches (D:1)
  4 hobgoblins
  2 jackals (D:2)
  11 kobolds
  3 quokkas
  5 bats
  3 frilled lizards
  4 gnoll zombies (Ossuary)
  6 goblins
  2 goblin zombies (Ossuary)
  2 hobgoblin zombies (Ossuary)
  4 orc zombies
  6 rats
  4 fungi (Elf:3)
  16 pillars of salt (Orc:2)
  18 starspawn tentacles (Abyss:1)
3078 creatures vanquished.

Vanquished Creatures (collateral kills)
  3 bone dragons (Tar:2)
  An acid blob (Slime:5)
  A quicksilver ooze (Slime:5)
  2 reapers (Tar:2)
  A spectral titan (Tar:2)
  Joseph (D:9)
  An acid dragon (D:9)
  A centaur (D:9)
  A kobold brigand (D:9)
  A wight (D:9)
  6 killer bees (D:9)
  4 kobolds (D:9)
23 creatures vanquished.

Vanquished Creatures (others)
  A hydra (Swamp:4)
  2 caustic shrike simulacra (Coc:3)
  A quicksilver dragon simulacrum (Coc:3)
  A swamp dragon (Swamp:4)
  A spriggan druid (Swamp:4)
  A spriggan simulacrum (Coc:3)
  A deep elf zephyrmancer (Elf:1)
  2 bloated husks
  2 harpy simulacra
  An orc warrior (D:10)
  4 swamp drakes (Swamp:4)
  2 small abominations (Abyss:2)
  A gnoll (D:7)
  A white imp (Abyss:1)
  29 foxfires
  36 fungi
  3 lurking horrors (Abyss:1)
  11 pillars of salt (Orc:2)
  116 plants
  18 starspawn tentacles (Abyss:1)
234 creatures vanquished.

Grand Total: 3335 creatures vanquished

Notes
Turn   | Place    | Note
-------+----------+-------------------------------------------
     0 | D:1      | Citaku the Minotaur Fighter began the quest for the Orb.
     0 | D:1      | Reached XP level 1. HP: 19/19 MP: 0/0
   205 | D:1      | Reached XP level 2. HP: 27/27 MP: 1/1
   359 | D:1      | Found a faded altar of an unknown god.
   806 | D:2      | Found an opulent altar of Gozag.
   820 | D:2      | Reached XP level 3. HP: 29/33 MP: 2/2
   824 | D:2      | Became a worshipper of Gozag Ym Sagoz the Greedy
  1008 | D:2      | Noticed Sigmund
  1013 | D:2      | Killed Sigmund
  1014 | D:2      | Reached skill level 5 in Armour
  1014 | D:2      | Reached XP level 4. HP: 32/41 MP: 3/3
  1014 | D:2      | Reached XP level 5. HP: 37/47 MP: 4/4
  1149 | D:2      | Noticed Natasha
  1154 | D:2      | Killed Natasha
  1270 | D:2      | Noticed Natasha
  1274 | D:2      | Killed Natasha
  1275 | D:2      | Reached XP level 6. HP: 47/53 MP: 5/5
  1322 | D:2      | Noticed Natasha
  1327 | D:2      | Killed Natasha
  1602 | D:2      | Found Ceskam's Jewellery Shop.
  1837 | D:3      | Found an iron altar of Okawaru.
  1851 | D:3      | Found a hide-covered altar of Uskayaw.
  1851 | D:3      | Found a radiant altar of Vehumet.
  1872 | D:3      | Noticed Terence
  1879 | D:3      | Killed Terence
  1880 | D:3      | Reached skill level 5 in Axes
  2097 | D:3      | Found a shimmering blue altar of Sif Muna.
  2130 | D:3      | Got Sif Muna's Guidebook on Bodies
  2145 | D:3      | Found a bloodstained altar of Trog.
  2715 | D:4      | Reached skill level 5 in Fighting
  2715 | D:4      | Reached skill level 5 in Shields
  2736 | D:4      | Found a sand-covered staircase.
  2742 | Ossuary  | Entered an ossuary
  2796 | Ossuary  | Reached XP level 7. HP: 35/61 MP: 6/6
  3084 | Ossuary  | Reached XP level 8. HP: 48/70 MP: 7/7
  3652 | D:4      | Found a staircase to the Ecumenical Temple.
  4139 | D:5      | Entered Level 5 of the Dungeon
  4180 | D:5      | Noticed Ijyb
  4190 | D:5      | Killed Ijyb
  4387 | D:5      | Reached XP level 9. HP: 76/78 MP: 8/8
  4405 | D:5      | Identified the ring of Qubrergh {Fly Will+ Str+5 Dex+3}
  4896 | D:6      | Noticed Pikel
  4905 | D:6      | Killed Pikel
  5042 | D:6      | Reached skill level 10 in Armour
  5243 | D:6      | Reached skill level 10 in Axes
  5288 | D:6      | Noticed Menkaure
  5292 | D:6      | Killed Menkaure
  5590 | D:6      | Found a shadowy altar of Dithmenos.
  5620 | D:6      | Reached XP level 10. HP: 88/88 MP: 9/9
  5670 | D:7      | Found a blossoming altar of Fedhas.
  6160 | D:7      | Found Duikhlod's Weapon Shoppe.
  6414 | D:7      | Found Doikod's General Store.
  6422 | D:7      | Bought a scroll of blinking for 105 gold pieces
  6422 | D:7      | Bought a potion of heal wounds for 70 gold pieces
  7232 | D:8      | Noticed Psyche
  7243 | D:8      | Killed Psyche
  7475 | D:9      | Noticed Joseph
  7481 | D:9      | Killed Joseph
  7505 | D:9      | Reached XP level 11. HP: 72/97 MP: 10/10
  7645 | D:9      | Found a shimmering altar of Xom.
  7724 | D:9      | Found an ornate altar of the Wu Jian Council.
  7884 | D:9      | Found Hotaof Topt's Distillery.
  7887 | D:9      | Bought a potion of heal wounds for 65 gold pieces
  7887 | D:9      | Bought a potion of heal wounds for 65 gold pieces
  7962 | D:10     | Entered Level 10 of the Dungeon
  7962 | D:10     | Found Vaimac's Assorted Antiques.
  7965 | D:10     | Bought an encrusted agate ring for 130 gold pieces
  8055 | D:10     | Identified the +2 ring mail of Courage {rF+ Stlth+}
  8284 | D:10     | Found Hukonimyet's General Store.
  8291 | D:10     | Bought a +1 cloak for 172 gold pieces
  8345 | D:10     | Found Binuj's Jewellery Emporium.
  8348 | D:10     | Found Enizoaro's Antique Weapon Boutique.
  8379 | D:10     | Bought a warped war axe for 255 gold pieces
  8379 | D:10     | Identified the +2 war axe of the Harvest {heavy, +Blink
                  | rPois Will+} (You bought it in a shop on level 10 of the
                  | Dungeon)
  8467 | D:10     | Noticed a rakshasa
  8476 | D:10     | Noticed a two-headed ogre
  8689 | D:10     | Killed a two-headed ogre
  8824 | D:10     | Killed a rakshasa
  9696 | D:11     | Reached skill level 10 in Fighting
  9702 | D:11     | Reached skill level 10 in Shields
  9705 | D:11     | Found a staircase to the Lair.
  9705 | D:11     | You are sucked into a shaft and drop 2 floors!
 10249 | D:11     | Reached XP level 12. HP: 105/107 MP: 11/11
 10255 | D:11     | Found a staircase to the Orcish Mines.
 10581 | Orc:1    | Entered Level 1 of the Orcish Mines
 10799 | Orc:1    | Found a transporter.
 10953 | Orc:1    | Found a transporter.
 10986 | Orc:1    | Bought a scroll of blinking for 225 gold pieces
 11026 | Orc:2    | Entered Level 2 of the Orcish Mines
 11239 | Orc:2    | Found Fowog's Jewellery Boutique.
 11264 | Orc:2    | Bought the ring of the Hart {+Blink rC+ Will++ Int-5} for
                  | 552 gold pieces
 11330 | Orc:2    | Found a staircase to the Elven Halls.
 11380 | Orc:2    | Noticed Saint Roka
 11441 | Orc:2    | Killed Saint Roka
 11741 | Orc:2    | Reached skill level 15 in Armour
 11772 | Orc:2    | Noticed an ettin
 11779 | Orc:2    | Killed an ettin
 11884 | Orc:2    | Noticed an orc warlord
 11884 | Orc:2    | Noticed a two-headed ogre
 11885 | Orc:2    | Noticed an orc high priest
 12168 | Orc:2    | Reached skill level 15 in Axes
 12171 | Orc:2    | Killed an orc warlord
 12249 | Orc:2    | Noticed a stone giant
 12259 | Orc:2    | Killed a stone giant
 12400 | Orc:2    | Noticed a two-headed ogre
 12401 | Orc:2    | Reached XP level 13. HP: 107/116 MP: 12/12
 12657 | Orc:2    | Found Zetarphen's Book Emporium.
 12805 | Orc:2    | Found Lukeil's Jewellery Shop.
 12807 | Orc:2    | Found Siakk's Distillery.
 12812 | Orc:2    | Bought a potion of berserk rage for 65 gold pieces
 12812 | Orc:2    | Bought 2 potions of berserk rage for 130 gold pieces
 12812 | Orc:2    | Bought a potion of heal wounds for 65 gold pieces
 12816 | Orc:2    | Bought the ring of Siklah {rN+ rCorr Str+6} for 678 gold
                  | pieces
 12829 | Orc:2    | Noticed an orc warlord
 12830 | Orc:2    | Found Befoc's Armour Boutique.
 12852 | Orc:2    | Killed an orc warlord
 13622 | Orc:1    | Gained mutation: You passively dampen the noise of your
                  | surroundings. [potion of mutation]
 13622 | Orc:1    | Gained mutation: You are partially covered in iridescent
                  | scales. (AC +2) [potion of mutation]
 13634 | Orc:1    | Found a runed translucent door.
 13634 | Orc:1    | Found a bloodstained altar of Trog.
 13634 | Orc:1    | Noticed an ettin
 13634 | Orc:1    | Found the necklace of Bloodlust {Fury *Rage Will++ Int-3
                  | Slay+6}
 13639 | Orc:1    | Noticed a deep elf annihilator
 13661 | Orc:1    | Killed an ettin
 13670 | Orc:1    | Noticed a deep elf annihilator
 13674 | Orc:1    | Noticed a deep elf annihilator
 13918 | Orc:1    | Noticed a deep elf elementalist
 13957 | Orc:1    | Noticed a deep elf elementalist
 13984 | Orc:1    | Identified the +7 plate armour of the Ninety-Nine Eyes
                  | {Contam Dex+7 SInv}
 14671 | D:11     | Identified a scroll of acquirement
 14672 | D:11     | Acquired 829 gold pieces
 14845 | D:12     | Found a glowing silver altar of Zin.
 14845 | D:12     | Noticed an angel
 15066 | D:12     | Noticed Lodul
 15077 | D:12     | Killed Lodul
 15181 | D:12     | Identified the +0 robe of Discretion {rN+ Str+2}
 15265 | D:12     | Noticed Nessos
 15301 | D:12     | Killed Nessos
 15816 | Orc:2    | Bought the dreamshard necklace {*Dream Drain} for 3000 gold
                  | pieces
 15816 | Orc:2    | Found the dreamshard necklace {*Dream Drain}
 15961 | D:13     | Found Lybaan's Distillery.
 16104 | D:13     | Found Kewkacyaq's Book Shoppe.
 16303 | D:13     | Found Digoaget's Armour Emporium.
 16384 | D:13     | Reached XP level 14. HP: 119/127 MP: 13/13
 16410 | D:13     | Found a gate to the Vaults.
 16675 | D:13     | Noticed Azrael
 16689 | D:13     | Killed Azrael
 17406 | D:14     | Noticed Louise
 17417 | D:14     | Killed Louise
 17554 | D:14     | Found a snail-covered altar of Cheibriados.
 17980 | D:14     | Noticed a ghost moth
 17987 | D:14     | Killed a ghost moth
 18257 | D:15     | Entered Level 15 of the Dungeon
 18672 | D:15     | Found a blossoming altar of Fedhas.
 18930 | D:15     | Noticed a cyan very ugly thing
 18944 | D:15     | Killed a cyan very ugly thing
 18951 | D:15     | Reached skill level 15 in Shields
 19101 | D:15     | Reached XP level 15. HP: 137/137 MP: 14/14
 19101 | D:15     | Found a staircase to the Depths.
 19376 | Lair:1   | Entered Level 1 of the Lair of Beasts
 19577 | Lair:1   | Found a dark tunnel.
 19587 | Volcano  | Entered a volcano
 20948 | Lair:2   | Reached XP level 16. HP: 146/146 MP: 15/15
 21145 | Lair:2   | Found a staircase to the Swamp.
 21577 | Lair:2   | Noticed Gastronok
 21584 | Lair:2   | Killed Gastronok
 21671 | Lair:2   | Found a hole to the Spider Nest.
 21961 | Lair:2   | Noticed Erica
 21967 | Lair:2   | Killed Erica
 23633 | Lair:4   | Noticed Snorg
 23640 | Lair:4   | Killed Snorg
 23719 | Lair:4   | Reached skill level 15 in Fighting
 23854 | Lair:4   | Reached XP level 17. HP: 139/156 MP: 16/16
 24735 | Lair:5   | Entered Level 5 of the Lair of Beasts
 25419 | Lair:5   | Found a staircase to the Slime Pits.
 26353 | Lair:5   | Bought a potion of heal wounds for 175 gold pieces
 26355 | Lair:5   | Bought a topaz-encrusted plate armour for 1092 gold pieces
 26355 | Lair:5   | Identified the +1 plate armour of Fefful {Dex+4} (You
                  | bought it in a shop on level 5 of the Lair of Beasts)
 26355 | Lair:5   | Bought a pair of smoking boots for 370 gold pieces
 26355 | Lair:5   | Identified the +1 pair of boots of the Goldsmith {Harm}
                  | (You bought it in a shop on level 5 of the Lair of Beasts)
 26370 | Slime:1  | Entered Level 1 of the Pits of Slime
 26519 | Lair:5   | Bought a scroll of enchant armour for 112 gold pieces
 26519 | Lair:5   | Bought 3 scrolls of enchant armour for 337 gold pieces
 26615 | Spider:1 | Entered Level 1 of the Spider Nest
 27789 | Spider:2 | Reached XP level 18. HP: 154/166 MP: 17/17
 28426 | Spider:3 | Identified the amulet of Zioneruj {+Inv rF++ rC+ Regen+
                  | Str-2}
 29305 | Spider:4 | Entered Level 4 of the Spider Nest
 29366 | Spider:4 | Noticed Asterion
 29389 | Spider:4 | Killed Asterion
 30796 | Spider:4 | Identified the +1 hat "Maojafiy" {SInv Stlth+}
 30840 | Spider:4 | Got a gossamer rune of Zot
 31392 | Vaults:1 | Entered Level 1 of the Vaults
 32553 | Vaults:1 | Reached XP level 19. HP: 177/177 MP: 18/18
 34237 | Vaults:2 | Bought an ancient brass ring for 185 gold pieces
 34237 | Vaults:2 | Identified the ring of Wohoad {rPois AC+4} (You bought it
                  | in a shop on level 2 of the Vaults)
 36108 | Vaults:3 | Identified the +3 hand axe of the Messenger {holy, rElec
                  | rC++ Int-5}
 36284 | Vaults:3 | Found a staircase to the Crypt.
 36498 | Vaults:3 | Reached XP level 20. HP: 187/187 MP: 19/19
 36788 | Vaults:3 | Found Ruffog's Weapon Shoppe.
 37215 | Vaults:4 | Acquired 760 gold pieces
 37220 | Vaults:4 | Bought a box of beasts for 560 gold pieces
 37958 | Vaults:4 | Noticed Margery
 37979 | Vaults:4 | Killed Margery
 38222 | Vaults:4 | Found a transporter.
 38236 | Vaults:4 | Found a transporter.
 38879 | Vaults:5 | Entered Level 5 of the Vaults
 39815 | Vaults:5 | Identified the +2 scale mail of Qaippaom {rPois}
 39826 | Vaults:5 | Noticed a golden dragon
 39836 | Vaults:5 | Killed a golden dragon
 39965 | Vaults:5 | Reached XP level 21. HP: 197/198 MP: 20/20
 40500 | Vaults:5 | Identified the +4 scimitar "Igiruergh" {freeze, rF++ Int+6
                  | Dex-5}
 40508 | Vaults:5 | Identified the +0 helmet of Fortification {rF+ Str+3 Dex+3}
 40513 | Vaults:5 | Identified the +1 robe of Context {-Cast Rampage rC+}
 40530 | Vaults:5 | Noticed a dread lich
 40541 | Vaults:5 | Killed a dread lich
 41031 | Vaults:5 | Noticed a golden dragon
 41040 | Vaults:5 | Killed a golden dragon
 41962 | Vaults:5 | Noticed a golden dragon
 41970 | Vaults:5 | Killed a golden dragon
 41975 | Vaults:5 | Identified the +1 broad axe of Kefoat {spect, Will+}
 42651 | Vaults:5 | Identified the +10 short sword of Charity {holy, rC+ rN++
                  | Str-4 Dex+4}
 42655 | Vaults:5 | Got the Precepts of the Fault and Spectres
 42657 | Vaults:5 | Got a silver rune of Zot
 42658 | Vaults:5 | Identified the ring "Feix" {Wiz Int+4}
 42665 | Vaults:5 | Identified the amulet "Jenun" {RegenMP Rampage Int+7}
 42797 | Vaults:5 | Identified the +3 quarterstaff "Ogoel" {drain, rPois Will++
                  | Stlth-}
 43099 | Vaults:4 | Bought +1 gold dragon scales for 1218 gold pieces
 43099 | Vaults:4 | Bought the +2 pair of gloves of Intuition {rC+++ rN+ MP+9
                  | Str-2} for 1055 gold pieces
 43121 | Vaults:4 | Gained mutation: Your magical capacity is low. (-10% MP)
                  | [mutagenic glow]
 43594 | Swamp:1  | Entered Level 1 of the Swamp
 43865 | Swamp:1  | Got the Cyclopedia of Flammable Allies
 45609 | Swamp:2  | Reached XP level 22. HP: 182/209 MP: 18/18
 45822 | Swamp:2  | Reached skill level 27 in Axes
 46524 | Swamp:3  | Identified the +1 robe of Sacra {rN+ Int+3}
 46953 | Swamp:4  | Entered Level 4 of the Swamp
 47928 | Swamp:4  | Reached skill level 27 in Armour
 48560 | Swamp:4  | Got a decaying rune of Zot
 48839 | Slime:1  | Gained mutation: Your spells are a little harder to cast,
                  | but a little more powerful. [a shining eye]
 48842 | Slime:1  | Gained mutation: You are frail. (-10% HP) [a shining eye]
 48846 | Slime:1  | Gained mutation: You are clumsy. (Dex -2) [a shining eye]
 49573 | Slime:2  | Gained mutation: [You occasionally lose the ability to
                  | drink potions when taking damage.] [a shining eye]
 49619 | Slime:2  | Noticed Dissolution
 49625 | Slime:2  | Paralysed by a floating eye for 2 turns
 49638 | Slime:1  | Killed Dissolution
 51286 | Slime:3  | Bought 2 potions of resistance for 600 gold pieces
 51286 | Slime:3  | Bought a potion of might for 120 gold pieces
 51286 | Slime:3  | Bought a twitching turquoise ring for 150 gold pieces
 51286 | Slime:3  | Identified the ring of the Augurer {Fire Str+3} (You bought
                  | it in a shop on level 3 of the Pits of Slime)
 51356 | Slime:4  | Gained mutation: [You sometimes lose the ability to drink
                  | potions when taking damage.] [a shining eye]
 51390 | Slime:4  | Gained mutation: You are weak. (Str -2) [a shining eye]
 51392 | Slime:4  | Gained mutation: You do not regenerate when monsters are
                  | visible. [a shining eye]
 51997 | Slime:5  | Entered Level 5 of the Pits of Slime
 52080 | Slime:5  | Noticed the Royal Jelly
 54280 | Slime:4  | Lost mutation: You are frail. (-10% HP) [potion of
                  | mutation]
 54280 | Slime:4  | Lost mutation: [You sometimes lose the ability to drink
                  | potions when taking damage.] [potion of mutation]
 54280 | Slime:4  | Lost mutation: You do not regenerate when monsters are
                  | visible. [potion of mutation]
 54281 | Slime:4  | Lost mutation: Your magical capacity is low. (-10% MP)
                  | [potion of mutation]
 54281 | Slime:4  | Lost mutation: [You occasionally lose the ability to drink
                  | potions when taking damage.] [potion of mutation]
 54281 | Slime:4  | Gained mutation: Armour fits poorly on your strangely
                  | shaped body. [potion of mutation]
 54281 | Slime:4  | Gained mutation: You are occasionally teleported next to
                  | monsters. [potion of mutation]
 54282 | Slime:4  | Lost mutation: Your spells are a little harder to cast, but
                  | a little more powerful. [potion of mutation]
 54282 | Slime:4  | Lost mutation: Armour fits poorly on your strangely shaped
                  | body. [potion of mutation]
 54282 | Slime:4  | Lost mutation: You are occasionally teleported next to
                  | monsters. [potion of mutation]
 54282 | Slime:4  | Gained mutation: You have hidden genetic potential. [potion
                  | of mutation]
 54282 | Slime:4  | Gained mutation: Your flesh is cold resistant. (rC+)
                  | [potion of mutation]
 54282 | Slime:4  | Lost mutation: Your flesh is cold resistant. (rC+) [potion
                  | of mutation]
 54282 | Slime:4  | Gained mutation: You have great hidden genetic potential.
                  | [potion of mutation]
 54284 | Slime:4  | Lost mutation: You are clumsy. (Dex -2) [potion of
                  | mutation]
 54284 | Slime:4  | Lost mutation: You passively dampen the noise of your
                  | surroundings. [potion of mutation]
 54284 | Slime:4  | Gained mutation: You have large cloven feet. [potion of
                  | mutation]
 54284 | Slime:4  | Gained mutation: You are dopey. (Int -2) [potion of
                  | mutation]
 54284 | Slime:4  | Gained mutation: You have a pair of large horns on your
                  | head. [potion of mutation]
 54700 | Slime:5  | Found a viscous altar of Jiyva.
 56116 | Slime:4  | Reached XP level 23. HP: 209/220 MP: 22/22
 56582 | Slime:5  | Killed the Royal Jelly
 56848 | Slime:5  | Identified the ring "Maluontuz" {rN+ rCorr Str+7 Int+2
                  | SInv}
 56922 | Slime:5  | Got a slimy rune of Zot
 56942 | Slime:5  | Got Qer Cusm's Compilation of Red Battling
 56971 | Slime:5  | Identified the ring of Ximnau {Fly Str+6 Int-3 SInv}
 57001 | Slime:5  | Identified the +9 morningstar of Dung {freeze, rElec rF+
                  | Int-4 Stlth+}
 57015 | Slime:5  | Identified the +1 scale mail of the Spheres {Dex+4}
 58340 | D:9      | Bought a potion of attraction for 39 gold pieces
 58529 | D:10     | Bought a wand of digging (2) for 126 gold pieces
 60055 | Depths:1 | Entered Level 1 of the Depths
 60222 | Elf:1    | Entered Level 1 of the Elven Halls
 61746 | Elf:1    | Paralysed by an air elemental for 1 turns
 62386 | Elf:2    | Found a flickering gateway to a bazaar.
 62447 | Bazaar   | Entered a bazaar
 62447 | Bazaar   | Found Ypal's Jewellery Boutique.
 62461 | Bazaar   | Found Yptoett's Distillery.
 62469 | Bazaar   | Bought a potion of heal wounds for 50 gold pieces
 62469 | Bazaar   | Bought 2 potions of haste for 200 gold pieces
 62483 | Bazaar   | Found Fistrohegh's Antique Weapon Boutique.
 62494 | Bazaar   | Found Zizaack's Antique Armour Emporium.
 62502 | Bazaar   | Bought an embroidered scarf for 224 gold pieces
 62503 | Bazaar   | Found Kisino's General Store.
 62511 | Bazaar   | Bought a potion of heal wounds for 70 gold pieces
 62545 | Bazaar   | Bought a potion of mutation for 80 gold pieces
 62545 | Bazaar   | Bought 2 potions of mutation for 160 gold pieces
 62550 | Bazaar   | Lost mutation: You are dopey. (Int -2) [potion of mutation]
 62550 | Bazaar   | Lost mutation: You have a pair of large horns on your head.
                  | [potion of mutation]
 62550 | Bazaar   | Gained mutation: You are very weak. (Str -4) [potion of
                  | mutation]
 62550 | Bazaar   | Gained mutation: You have a pair of large horns on your
                  | head. [potion of mutation]
 62550 | Bazaar   | Gained mutation: Your flesh is cold resistant. (rC+)
                  | [potion of mutation]
 62551 | Bazaar   | Lost mutation: You have large cloven feet. [potion of
                  | mutation]
 62551 | Bazaar   | Lost mutation: You have great hidden genetic potential.
                  | [potion of mutation]
 62551 | Bazaar   | Lost mutation: You are partially covered in iridescent
                  | scales. (AC +2) [potion of mutation]
 62551 | Bazaar   | Lost mutation: You are very weak. (Str -4) [potion of
                  | mutation]
 62551 | Bazaar   | Gained mutation: Your mind is acute. (Int +4, Str/Dex -1)
                  | [potion of mutation]
 62552 | Bazaar   | Lost mutation: Your mind is acute. (Int +4, Str/Dex -1)
                  | [potion of mutation]
 62552 | Bazaar   | Lost mutation: You have a pair of large horns on your head.
                  | [potion of mutation]
 62552 | Bazaar   | Lost mutation: Your flesh is cold resistant. (rC+) [potion
                  | of mutation]
 62552 | Bazaar   | Lost mutation: You are weak. (Str -2) [potion of mutation]
 62552 | Bazaar   | Gained mutation: Your magical capacity is low. (-10% MP)
                  | [potion of mutation]
 62594 | Bazaar   | Bought a pair of runed boots for 210 gold pieces
 62594 | Bazaar   | Bought a pair of embroidered boots for 210 gold pieces
 62803 | Elf:2    | Found a runed translucent gate.
 62803 | Elf:2    | Found a runed translucent gate.
 62804 | Elf:2    | Found a runed translucent gate.
 63888 | Elf:3    | Entered Level 3 of the Elven Halls
 63951 | Elf:3    | Noticed Bai Suzhen
 63968 | Elf:3    | Killed Bai Suzhen
 64153 | Elf:3    | Found a transporter.
 64196 | Elf:3    | Found a transporter.
 64201 | Elf:3    | Found a bloodstained altar of Trog.
 64224 | Elf:3    | Noticed WienerDreamer's ghost (adept DsBe)
 64746 | Elf:3    | Reached skill level 27 in Shields
 64749 | Elf:3    | Killed WienerDreamer's ghost
 65010 | Elf:3    | Paralysed by an air elemental for 1 turns
 65446 | Elf:3    | Gained mutation: You are robust. (+10% HP) [hidden
                  | potential]
 66155 | Elf:3    | Identified the +4 sling of Wariness {freeze, rPois}
 66158 | Elf:3    | Identified the +2 buckler of the Ecumenical Temple {rN+}
 66203 | Elf:3    | Identified the +5 great sword of Big Damage {heavy, Will+}
 66203 | Elf:3    | Identified the +1 leather armour "Icadd" {Dex+2}
 67430 | Depths:1 | Found a portal to a secret trove of treasure.
 67464 | Depths:1 | You paid a toll of 8 scrolls of fog to enter a treasure
                  | trove
 67465 | Trove    | Entered a treasure trove
 67469 | Trove    | Found the +16 obsidian axe {drain, demonic, Mesm Drain Fly
                  | SInv}
 67484 | Trove    | Identified the +5 great sword of the Tiger {holy, +Blink}
 67485 | Trove    | Identified the +1 broad axe of the Furious {venom, Fragile
                  | rPois rF+ Stlth+}
 67497 | Trove    | Identified the +6 sling of Dazoar {drain, Dex+3}
 67502 | Trove    | Identified the +2 quarterstaff of Bankruptcy {vamp, +Blink
                  | Int+4}
 67689 | Depths:1 | Reached skill level 1 in Dodging
 67689 | Depths:1 | Reached XP level 24. HP: 262/262 MP: 19/19
 67713 | Depths:1 | Noticed an ancient lich
 67714 | Depths:1 | Found a one-way gateway to a ziggurat.
 67714 | Depths:1 | Noticed an ancient lich
 67776 | Depths:1 | Killed an ancient lich
 67777 | Depths:1 | Killed an ancient lich
 67855 | Depths:1 | You are sucked into a shaft and drop 1 floor!
 68253 | Depths:2 | Found an iron altar of Okawaru.
 68258 | Depths:2 | Reached skill level 1 in Throwing
 68262 | Depths:2 | Reached skill level 5 in Dodging
 68268 | Depths:2 | Identified the +2 great sword of the Eel {distort, rC+
                  | Will+ rCorr Str+2}
 68817 | Depths:1 | Found a one-way gate to the infinite horrors of the Abyss.
 68893 | Depths:1 | Found a gateway to Hell.
 69849 | Depths:2 | Reached skill level 5 in Throwing
 71151 | Depths:2 | Found a one-way gate leading to the halls of Pandemonium.
 71428 | Depths:2 | Bought a pair of ancient gloves for 275 gold pieces
 71428 | Depths:2 | Identified the +1 pair of gloves of Youthful Indiscretion
                  | {rC- Regen+ Str+9 Int-2} (You bought it in a shop on level
                  | 2 of the Depths)
 73485 | Depths:4 | Entered Level 4 of the Depths
 73486 | Depths:4 | Acquired 850 gold pieces
 73590 | Depths:4 | Found a gate to the Realm of Zot.
 73605 | Depths:4 | Gained mutation: Your flesh is cold resistant. (rC+)
                  | [hidden potential]
 73605 | Depths:4 | Lost mutation: You have hidden genetic potential. [hidden
                  | potential expressed]
 74362 | Depths:4 | Reached XP level 25. HP: 276/276 MP: 19/19
 75253 | Depths:4 | Reached skill level 10 in Throwing
 75574 | Depths:4 | Found a shimmering altar of Xom.
 75578 | Depths:4 | Found a white marble altar of Elyvilon.
 75578 | Depths:4 | Found a white marble altar of Elyvilon.
 75834 | Depths:4 | Found a shimmering blue altar of Sif Muna.
 75834 | Depths:4 | Found an opulent altar of Gozag.
 75834 | Depths:4 | Found a sacrificial altar of Ru.
 76104 | Depths:4 | Identified the +0 leather armour of Nemelex Xobeh's Grace
                  | {rF- rC+ rCorr SInv}
 76460 | Crypt:1  | Entered Level 1 of the Crypt
 77380 | Crypt:1  | Noticed Boris
 77384 | Crypt:1  | Killed Boris
 77398 | Crypt:1  | Reached skill level 10 in Dodging
 79624 | Crypt:3  | Entered Level 3 of the Crypt
 81755 | Crypt:3  | Found a staircase to the Tomb.
 82785 | Crypt:3  | Found an ancient bone altar of Kikubaaqudgha.
 83143 | Crypt:3  | Identified the +5 lajatang "Kialogi" {flame, rPois rN++
                  | rCorr SInv}
 83634 | Crypt:3  | Found an ancient bone altar of Kikubaaqudgha.
 84008 | Hell     | Entered the Vestibule of Hell
 84008 | Hell     | Noticed Geryon
 84016 | Hell     | Killed Geryon
 84028 | Hell     | Reached XP level 26. HP: 290/290 MP: 19/19
 84077 | Hell     | Reached skill level 27 in Fighting
 84096 | Hell     | Reached skill level 15 in Throwing
 84483 | Hell     | Found a gateway to the ashen valley of Gehenna.
 84587 | Hell     | Found a gateway to the decaying netherworld of Tartarus.
 84715 | Hell     | Found a gateway to the freezing wastes of Cocytus.
 84957 | Hell     | Found a gateway to the Iron City of Dis.
 85220 | Tar:1    | Entered Level 1 of Tartarus
 85310 | Tar:1    | Noticed a dread lich
 85315 | Tar:1    | Killed a dread lich
 85669 | Tar:1    | You are sucked into a shaft and drop 1 floor!
 86640 | Coc:1    | Entered Level 1 of Cocytus
 89427 | Depths:1 | Identified the +2 war axe "Hulatwui" {drain, rF+ Will+}
 89624 | Depths:1 | Voluntarily entered the Abyss.
 89774 | Abyss:1  | Found a corrupted altar of Lugonu.
 89825 | Abyss:1  | Reached skill level 15 in Dodging
 90518 | Abyss:1  | Reached XP level 27. HP: 269/269 MP: 19/19
 90885 | Abyss:1  | Found a corrupted altar of Lugonu.
 91429 | Abyss:1  | Found a corrupted altar of Lugonu.
 91438 | Abyss:1  | Found a corrupted altar of Lugonu.
 91438 | Abyss:1  | Found a corrupted altar of Lugonu.
 91598 | Abyss:1  | Found a corrupted altar of Lugonu.
 91752 | Abyss:1  | Found a corrupted altar of Lugonu.
 92104 | Depths:1 | Escaped the Abyss
 92569 | Depths:1 | Bought 2 potions of might for 128 gold pieces
 93200 | Depths:1 | Voluntarily entered the Abyss.
 93200 | Abyss:1  | Found a corrupted altar of Lugonu.
 93415 | Abyss:1  | Found a corrupted altar of Lugonu.
 93491 | Abyss:1  | Gained mutation: You are dopey. (Int -2) [a neqoxec]
 93492 | Abyss:1  | Gained mutation: You have hidden genetic defects. [a
                  | neqoxec]
 93628 | Abyss:1  | Found a corrupted altar of Lugonu.
 93961 | Abyss:2  | Paralysed by you for 3 turns
 94135 | Depths:1 | Escaped the Abyss
 94307 | Coc:4    | HP: 7/261 [shard shrike (12)]
 94307 | Coc:4    | Slain by a shard shrike

Illustrated notes

Levels and vault maps discovered:
D:1:      mrwooster_arrival_statue_3, layout_loops_cross,
          ebering_ecumenical_altar_rust, chequers_serial_rivers_small_3
D:2:      layout_basic, serial_shops, nicolae_shop_waterfront, basic_altar,
          uniq_sigmund, uniq_natasha
D:3:      layout_loops_ring, nzn_overflow_gifts_of_might_and_magic,
          gammafunk_temple_overflow_forgotten, uniq_terence
D:4:      layout_cave_pools, minmay_temple_entry_stoned_glass,
          nicolae_ossuary_entry_plus, cheibrodos_gnoll_hut
D:5:      layout_basic, uniq_ijyb
D:6:      layout_loops_ring, mainiacjoe_overflow_alcove_1, uniq_pikel,
          uniq_menkaure
D:7:      layout_loops_cross, mainiacjoe_overflow_small_starburst, serial_shops,
          kennysheep_little_box, shop
D:8:      layout_loops_cross, uniq_psyche
D:9:      layout_big_octagon, mainiacjoe_overflow_large_starburst, serial_shops,
          kennysheep_mini, uniq_joseph
D:10:     layout_loops_corners, serial_shops, shop, nicolae_square_shop,
          nicolae_stop_n_shop_1, shop, hangedman_abyss_or_decor_stabs,
          minmay_chambers_of_fives
D:11:     layout_loops_ring, minmay_lair_entry_grove,
          kennysheep_orc_monster_closet_entryway
D:12:     layout_irregular_city, zin_angel, uniq_lodul, uniq_nessos
D:13:     layout_basic, grunt_vaults_entry_fortified, serial_shops,
          nicolae_shop_trees, shop, shop, uniq_azrael
D:14:     layout_long_grid, fountainhead, slow_altar_1, uniq_louise
D:15:     gammafunk_enter_depths_forms, layout_cave_pools, fedhas_altar_1
Lair:1:   layout_concentric_octagons, nicolae_volcano_entry_hallway,
          grunt_megastairs_4
Lair:2:   layout_cave_pods, nicolae_swamp_entry_spooky, dummy_spider_entry,
          beast_lair_carwin_9, grunt_megastairs_5, uniq_erica, uniq_gastronok
Lair:3:   cheibrodos_lair_river_kwai, layout_small_grid, grunt_megastairs_1
Lair:4:   layout_layer_cave, grunt_megastairs_2, uniq_snorg
Lair:5:   minmay_lair_end_frog_pond, layout_gridlike, minmay_slime_entry_pillars
Swamp:1:  layout_basic_swamp, serial_swamp_ruin, evilmike_swamp_ruin_house_4,
          evilmike_swamp_ruin_house_3
Swamp:2:  nzn_winding_woodlands_cross [nzn_winding_woodlands_5x15_lazy_stream,
          nzn_winding_woodlands_5x15_zeroes,
          nzn_winding_woodlands_5x15_sawtooth,
          nzn_winding_woodlands_5x15_jagged,
          nzn_winding_woodlands_15x15_five_gardens], layout_basic_swamp,
          evilmike_swamp_ruin_house_2, swamp_pool5
Swamp:3:  nicolae_swamp_ascending_descending, layout_basic_swamp,
          nicolae_swamp_fairy_circle, swamp_pool5, infiniplex_staircase_pool_2
Swamp:4:  swamp_fiery, layout_basic_swamp, swamp_pool4, nicolae_swamp_bean_lake
Spider:1: layout_spider_delve, drop_trap
Spider:2: layout_cave_pods
Spider:3: layout_spider_delve, beargit_elvish_explorers
Spider:4: spider_rune_water, uniq_asterion
Slime:1:  layout_caves
Slime:2:  layout_caves, uniq_dissolution
Slime:3:  layout_caves
Slime:4:  layout_caves
Slime:5
Orc:1:    emtedronai_trogs_sanctum, layout_diamond_mine
Orc:2:    hellmonk_orc_salted, layout_diamond_mine, serial_shops,
          nicolae_shop_crystal, uniq_saint_roka
Elf:1:    nicolae_elf_arrival_no_cutting_in_line, layout_gridlike,
          portal_ice_cave_entry_dragon, minmay_elf_crystal_hexagon,
          minmay_misc_feat_five
Elf:2:    nicolae_elf_blades_splatter_lattice [infiniplex_blade_entry_pillars],
          layout_loops_cross, serial_shops, bzr_entry_gold, special_room
          [special_room_mythical_zoo]
Elf:3:    minmay_elf_hall_dome, layout_geoelf_castle,
          gammafunk_ghost_wrathful_warriors, serial_sigils_hangedman_scratch,
          uniq_bai_suzhen
Vaults:1: ontoclasm_vaults_shuriken, hangedman_vaults_stagger, v_rooms_1,
          hangedman_vaults_pinch, vaults_mumra_chevron_long, vaults_room_fours,
          vaults_room_fancy_cross, nicolae_vaults_rhombus_5,
          ontoclasm_vaults_pinch, layout_vaults_chaotic_city
Vaults:2: st_squares, v_misc_11, nicolae_vaults_network_square,
          hangedman_vaults_cutoff, nicolae_vaults_diagonal_hallway_6, v_misc_25,
          layout_vaults_omnigrid
Vaults:3: st_cross, vaults_room_door_ring, nicolae_vaults_stairing_the_circle,
          nicolae_vaults_ring_of_whatevers, nicolae_vaults_border_crossing,
          v_misc_16, v_alt_pattern_2, hangedman_vaults_river_flow, v_rooms_4,
          v_misc_16, hangedman_vaults_trim, layout_vaults_omnicross,
          blue_anna_dwarven_crypt, serial_shops, nicolae_shop_trees
Vaults:4: gammafunk_sealed_arena, vaults_standard_mumra_x, vaults_dpeg_spiral,
          v_rooms_6, hangedman_vaults_stitches, vaults_dpeg_diagonal,
          grunt_vaults_focal, v_alt_pattern_1, ontoclasm_vaults_tryst,
          nicolae_vaults_yaktaur_gun_rack, layout_vaults_omnibox, uniq_margery
Vaults:5
Crypt:1:  layout_chaotic_city, grunt_crypt_arrival_webbed, uniq_boris
Crypt:2:  layout_regular_city, grunt_ministairs_13
Crypt:3:  church_of_pain_bobbens, layout_chaotic_city,
          nicolae_tomb_entry_unfolded_pyramid_orthogonal,
          lemuel_mausoleum_altar_kikubaaqudgha
Depths:1: layout_forbidden_donut, enter_ziggurat_c,
          nicolae_trove_entry_crossroad, pf_dread_powers_of_hell, nicolae_wwwww,
          nicolae_abyss_entry_one_way_or_another, due_unseen_surprise
Depths:2: evilmike_iron_armoury, layout_basic, rand_demon_pan_entry_4,
          nicolae_sextant, hell_entry, nicolae_eternal_life, roderic_lattice_a,
          st_stairs_1, roderic_roman_lattice
Depths:3: nicolae_moon_pools, layout_gridville, abyss_entry_small_statue_room,
          minmay_misc_feat_columns, hell_entry, pan_entry
Depths:4: grunt_zot_entry_funnels, layout_basic, doesnt_xom_only_xom,
          hellmouth_1, rand_demon_pan_entry_8, minivault_15,
          serial_bayou_shore_b
Hell
Coc:1:    layout_ice_bergs
Coc:2:    layout_cocytus_delve, serial_ice, serial_ice_g, serial_ice_h
Coc:3:    layout_cocytus_delve
Coc:4:    layout_cocytus_water_paths
Tar:1:    nicolae_tar_fractal_crypt, layout_cathedral_of_symmetry
Tar:2:    layout_catacombs

Skill      XL: |  1  2  3  4  5  6  7  8  9 10 11 12 13 14 15 16 17 18 19 20 21 22 23 24 25 26 27 |
---------------+----------------------------------------------------------------------------------+-----
Armour         | 4 5 6 7 9 10 12 14 15 17 18 19 20 22 23 24 25 26 27 | 27.0
Axes           | 3 4 5 6 8 10 11 13 15 16 18 19 20 21 23 24 25 26 27 | 27.0
Fighting       | 4 5 6 7 9 10 11 12 13 14 15 16 17 18 19 21 24 25 26 27 | 27.0
Shields        | 4 5 6 7 9 10 11 13 15 16 17 19 20 21 23 25 27 | 27.0
Dodging        | 1 8 12 15 17 | 17.2
Throwing       | 9 14 18 20 | 20.4

Action                   |  1- 3 |  4- 6 |  7- 9 | 10-12 | 13-15 | 16-18 | 19-21 | 22-24 | 25-27 || total
-------------------------+-------+-------+-------+-------+-------+-------+-------+-------+-------++-------
Melee: War axe           |    59 |   101 |   272 |   378 |   526 |  1101 |  1034 |   708 |       ||  4179
       Headbutt          |    10 |     9 |    55 |   107 |   127 |   273 |   281 |   399 |   354 ||  1615
       Hand axe          |       |       |       |   123 |       |       |       |       |       ||   123
       Broad axe         |       |       |       |       |       |       |       |   686 |  1341 ||  2027
Throw: Javelin           |       |       |       |       |       |       |       |       |     4 ||     4
       Boomerang         |       |       |       |       |       |       |       |       |     1 ||     1
Invok: Call Merchant     |       |       |       |     1 |       |     3 |     4 |     2 |     3 ||    13
       Potion Petition   |       |       |       |       |       |       |       |     3 |     2 ||     5
 Abil: Evoke Blink       |       |       |       |       |       |       |       |     1 |       ||     1
Evoke: Wand              |       |       |       |       |       |     1 |       |     1 |     6 ||     8
       Box of beasts     |       |       |       |       |       |       |       |     1 |       ||     1
       Phantom mirror    |       |       |       |       |       |       |       |     1 |       ||     1
       Horn of Geryon    |       |       |       |       |       |       |       |       |     1 ||     1
  Use: Potion            |     1 |       |     5 |    12 |    13 |     8 |     6 |    14 |     8 ||    67
       Scroll            |       |       |    17 |    18 |     6 |    12 |    15 |    29 |    10 ||   107
 Stab: Distracted        |       |       |     3 |     9 |     8 |    23 |    11 |    19 |    31 ||   104
       Confused          |       |       |       |       |       |       |       |     2 |       ||     2
Armor: Scale mail        |    27 |     8 |       |       |       |       |       |       |       ||    35
       Plate armour      |       |    57 |   191 |   204 |   251 |   587 |   398 |       |       ||  1688
       Gold dragon scale |       |       |       |       |       |       |    62 |   800 |   296 ||  1158
Dodge: Dodged            |    18 |    51 |    56 |   103 |    77 |   197 |   158 |   255 |   259 ||  1174
Block: Buckler           |     9 |    23 |    39 |       |       |       |       |       |       ||    71
       Tower shield      |       |       |   131 |   460 |   550 |  1534 |  1414 |  1809 |  1309 ||  7207

Table legend: (Time is in decaauts)
 A = Elapsed time spent in this place.
 B = Non-inter-level travel time spent in this place.
 C = Inter-level travel time spent in this place.
 D = Time resting spent in this place.
 E = Time spent auto-exploring this place.
 F = Levels seen in this place.
 G = Mean time per level.
                   A        B        C        D        E       F      G
               +--------+--------+--------+--------+--------+-----+--------+
         Total |  97234 |  90238 |   6996 |  21946 |  44030 |  64 | 1519.3 |
       Dungeon |  18232 |  14928 |   3304 |   1179 |  10316 |  15 | 1215.5 |
          Lair |   7336 |   6301 |   1035 |    100 |   4930 |   5 | 1467.2 |
         Swamp |   4267 |   4140 |    127 |    129 |   2728 |   4 | 1066.8 |
   Spider Nest |   4654 |   4397 |    257 |    340 |   3011 |   4 | 1163.5 |
    Slime Pits |   8226 |   8003 |    223 |   3807 |   2218 |   5 | 1645.2 |
  Orcish Mines |   5614 |   5211 |    403 |    983 |   1822 |   2 | 2807.0 |
   Elven Halls |   7166 |   6840 |    326 |   1611 |   2642 |   3 | 2388.7 |
        Vaults |  12975 |  12452 |    523 |    952 |   8064 |   5 | 2595.0 |
         Crypt |   7889 |   7768 |    121 |   4569 |   2190 |   3 | 2629.7 |
        Depths |  10722 |  10120 |    602 |   5006 |   3100 |   4 | 2680.5 |
          Hell |   2151 |   2080 |     71 |    949 |    490 |   1 | 2151.0 |
       Cocytus |   1133 |   1133 |      0 |    413 |    282 |   4 |  283.2 |
      Tartarus |   1325 |   1325 |      0 |    839 |    262 |   2 |  662.5 |
         Abyss |   3901 |   3901 |      0 |    882 |   1202 |   3 | 1300.3 |
        Bazaar |    185 |    185 |      0 |      0 |     66 |   1 |  185.0 |
         Trove |     57 |     57 |      0 |      0 |      0 |   1 |   57.0 |
       Ossuary |    743 |    743 |      0 |    181 |    248 |   1 |  743.0 |
       Volcano |    647 |    647 |      0 |      0 |    457 |   1 |  647.0 |
               +--------+--------+--------+--------+--------+-----+--------+

Top non-repeatable levels by time:
 Crypt:3: 3968 daAuts
Vaults:5: 3936 daAuts
 Slime:4: 3582 daAuts
 Abyss:1: 3474 daAuts
   Elf:3: 3291 daAuts
Depths:2: 3122 daAuts
   Orc:2: 3017 daAuts
Depths:4: 2953 daAuts
   Orc:1: 2597 daAuts
Vaults:4: 2593 daAuts
Vaults:1: 2569 daAuts
Depths:1: 2415 daAuts
Depths:3: 2230 daAuts
 Crypt:2: 2203 daAuts
Vaults:3: 2185 daAuts
